Map: Eindringling LE

Players

Pepe

  • Race: Zerg Zerg
  • League: Platinum
  • Spawn Location: 5:00

Panda - Winner!

  • Race: Zerg Zerg
  • League: Platinum
  • Spawn Location: 11:00

VOD

Have the link to the VOD?

Description

Time

  • Played on: Sept. 5, 2017, 1:53 p.m.
  • Length: 15:35
Show
View Real Time Build Order
Export as new Build Order

Pepe Zerg 

Build Orders: Hatch First 

Get SALT Encoding   

  12  0:01  Drone  
  13  0:08  Drone  
  14  0:17  Overlord  
  14  0:35  Drone x3  
  17  0:46  Drone  
  18  0:57  Hatchery  
  18  0:58  Drone  
  18  1:03  Extractor  
  17  1:13  Spawning Pool  
  17  1:16  Drone  
  17  1:20  Drone  
  18  1:29  Drone  
  19  1:40  Overlord  
  20  2:00  Queen  
  22  2:02  Spine Crawler  
  22  2:03  Spine Crawler, Zergling x2  
  22  2:04  Metabolic Boost, Zergling x2  
  22  2:05  Spine Crawler  
  14  2:25  Zergling x4  
  16  2:34  Drone  
  16  3:14  Zergling x4  
  16  3:15  Zergling x2  
  19  3:26  Zergling x2  
  20  3:30  Queen  
  22  3:55  Zergling x4  
  21  3:56  Zergling x4  
  24  4:04  Evolution Chamber  
  18  4:13  Drone, Zergling x2  
  20  4:21  Drone  
  21  4:35  Hatchery  
  19  4:53  Zergling x2  
  19  4:54  Zergling x4  
  20  5:07  Drone  
  20  5:08  Drone x2  
  23  5:25  Drone  
  23  5:26  Drone  
  23  5:53  Zergling x6  
  25  6:02  Zergling x2  
  26  6:06  Zergling x6  
  29  6:11  Zerg Melee Weapons Level 1  
  29  6:13  Zergling x2  
  29  6:14  Zergling x6  
  33  6:31  Overlord x2  
  32  6:45  Lair  
  32  6:57  Zergling x10  
  37  7:16  Drone  
  37  7:17  Drone x3  
  36  7:26  Drone  
  36  7:27  Drone x2  
  39  7:35  Drone x2  
  41  7:38  Drone  
  41  7:41  Drone  
  43  7:51  Overlord  
  34  8:28  Zergling x2  
  34  8:29  Zergling x2  
  34  8:30  Zergling x20  
  43  8:45  Roach Warren  
  43  8:46  Drone x3  
  45  8:51  Extractor, Hatchery  
  45  8:54  Drone  
  45  8:55  Drone  
  45  9:04  Overlord  
  38  9:26  Drone x7  
  38  9:30  Extractor  
  39  9:32  Glial Reconstitution  
  39  9:37  Roach x3  
  45  9:39  Zerg Missile Weapons Level 1  
  49  9:52  Roach  
  49  9:53  Roach x4  
  55  10:00  Spine Crawler  
  55  10:01  Spine Crawler  
  55  10:03  Roach  
  55  10:05  Roach  
  57  10:13  Roach x2  
  61  10:14  Ravager  
  64  10:21  Roach x2  
  57  11:07  Drone  
  57  11:08  Drone x2, Evolution Chamber  
  57  11:10  Overlord x5  
  57  11:11  Overlord  
  59  11:13  Extractor  
  58  11:21  Ravager x2  
  60  11:37  Roach x6  
  60  11:38  Roach x5  
  80  11:50  Queen, Roach x2  
  86  12:01  Roach x4  
  73  12:21  Roach x2  
  73  12:22  Roach x3  
  83  12:24  Ravager x2  
  85  13:02  Roach  
  85  13:03  Roach x6  
  66  13:38  Zerg Ground Armor Level 1  
  66  13:39  Roach x3  
  66  13:40  Hydralisk Den  
  71  13:47  Zergling x6  
  74  13:50  Zergling x4  
  76  14:01  Roach  
  68  14:21  Zergling x2  
  68  14:22  Zergling x10  
  41  14:59  Roach x7  
  53  15:06  Hatchery  
  52  15:08  Zergling x6  
  52  15:09  Zergling x6  
Show
View Real Time Build Order
Export as new Build Order

Panda Zerg - Winner!

Build Orders: Pool First, Zergling Baneling 

Get SALT Encoding   

  12  0:01  Drone  
  13  0:15  Extractor  
  12  0:25  Spawning Pool  
  11  0:29  Drone  
  11  0:33  Drone  
  13  0:39  Drone  
  14  0:49  Overlord  
  14  1:12  Zergling x4  
  14  1:13  Zergling x2  
  14  1:16  Metabolic Boost  
  17  1:24  Zergling x2  
  18  1:34  Zergling x2  
  18  1:37  Queen  
  21  1:47  Baneling Nest  
  21  1:51  Zergling x2  
  21  1:59  Zergling x2  
  20  2:23  Zergling x2  
  20  2:25  Overlord  
  21  2:34  Baneling x2  
  21  2:43  Baneling  
  21  2:44  Zergling x2, Baneling  
  21  2:45  Zergling x2  
  21  2:49  Zergling x2  
  19  3:12  Zergling x2  
  19  3:13  Zergling x2  
  20  3:27  Hatchery  
  19  3:31  Baneling x2  
  19  3:32  Zergling x2  
  19  3:33  Zergling x2  
  19  3:49  Zergling x6  
  19  3:51  Baneling x3  
  19  3:52  Baneling  
  20  4:10  Drone x3  
  21  4:55  Zergling x4  
  23  5:02  Zergling x4  
  25  5:07  Baneling  
  25  5:10  Drone x2  
  25  5:11  Queen  
  25  5:13  Drone x3  
  32  5:28  Overlord  
  32  5:29  Overlord  
  32  5:33  Baneling  
  31  5:51  Baneling  
  31  6:01  Drone x2  
  31  6:02  Drone  
  33  6:05  Roach Warren  
  32  6:14  Drone  
  33  6:19  Drone x5  
  33  6:23  Baneling x2  
  38  6:38  Drone x4  
  42  6:49  Drone x2  
  42  6:50  Drone x2  
  46  6:56  Roach  
  46  6:57  Roach  
  50  7:04  Overlord x2  
  50  7:22  Overlord x3  
  50  7:31  Drone  
  51  7:40  Drone  
  51  7:44  Evolution Chamber  
  51  7:47  Evolution Chamber  
  51  7:48  Drone x2  
  51  7:49  Drone  
  53  7:57  Overlord x2  
  53  7:58  Overlord  
  53  8:00  Roach x2  
  57  8:06  Roach x4  
  57  8:08  Lair  
  57  8:12  Extractor  
  64  8:13  Drone  
  57  8:36  Roach x5  
  57  8:41  Drone x3  
  69  8:47  Extractor  
  69  8:55  Roach x2  
  73  9:01  Hatchery  
  72  9:03  Extractor  
  72  9:06  Drone x2  
  72  9:07  Drone x2  
  75  9:13  Roach x2  
  77  9:30  Roach x5  
  85  9:33  Glial Reconstitution  
  85  9:54  Zerg Ground Armor Level 1  
  85  9:55  Roach  
  87  10:02  Queen  
  87  10:04  Zerg Missile Weapons Level 1  
  87  10:06  Overlord x3  
  89  10:20  Roach x6  
  101  10:37  Roach x4  
  107  10:51  Roach  
  107  10:52  Roach x2  
  107  11:06  Ravager  
  107  11:07  Ravager x2  
  107  11:08  Ravager  
  107  11:09  Ravager  
  107  11:11  Roach  
  114  11:14  Overlord  
  114  11:15  Overlord x3  
  114  11:23  Roach x4  
  122  11:30  Hatchery  
  121  11:35  Hatchery  
  114  11:51  Ravager  
  112  12:03  Roach x5  
  109  12:21  Ravager  
  109  12:22  Ravager x2  
  112  12:24  Roach x3  
  118  12:30  Zerg Ground Armor Level 2  
  118  12:46  Roach  
  118  12:47  Roach x5  
  99  13:31  Ravager  
  99  13:32  Ravager  
  99  13:40  Drone x3  
  102  13:43  Drone  
  102  13:44  Drone  
  102  13:46  Roach x2  
  102  13:47  Roach x5  
  118  13:49  Ravager x2  
  118  13:50  Ravager  
  108  14:24  Roach x6  
  108  14:25  Roach x12  
  133  14:33  Zergling x14  
  134  15:01  Roach  
  134  15:02  Roach x14  
Tags
 
Add a new tag
Caveats
  • Supply blocks, unpowered buildings, or Contaminate may cause inaccurate times.
  • Supply counts are checked every 10 seconds.